 Dungeon Crawl Stone Soup version 0.31-a0-1570-g93c622d222 (webtiles) character file.

Game seed: 14544022959973217212

5383 jlumianski the Grappler (level 10, -10/70 (77) HPs)
             Began as a Gnoll Shapeshifter on Jan 3, 2024.
             Was an Initiate of Wu Jian.
             Mangled by Erolcha
             ... wielding a +0 giant club
              (31 damage)
             ... on level 9 of the Dungeon.
             The game lasted 00:39:26 (10070 turns).

jlumianski the Grappler (Gnoll Shapeshifter)       Turns: 10070, Time: 00:39:26

HP:   -10/70 (77)   AC:  4    Str: 18    XL:     10   Next: 66%
MP:   0/18          EV: 18    Int: 10    God:    Wu Jian [......]
Gold: 583           SH:  0    Dex: 11    Spells: 20/20 levels left

rFire   . .          .
                       - Unarmed
rCold   + . .        (shield currently unavailable)
rNeg    . . .        e - melded +0 ring mail
rPois   .            w - +2 helmet
rElec   .            (no cloak)
rCorr   .            (no gloves)
SInv    .            i - +0 pair of boots
Will    .....        o - amulet of guardian spirit
Stlth   +            O - ring of protection from cold
HPRegen 0.31/turn    (no ring)
MPRegen 0.16/turn

%: guardian spirit
@: flux-form, glowing, drained
A: glow, contaminating, fangs 1, strong nose, distributed training
a: Begin Untransformation, Renounce Religion


You were on level 9 of the Dungeon.
You worshipped Wu Jian.
Wu Jian was noncommittal.
You were something dangerously unstable.
You visited 2 branches of the dungeon, and saw 11 of its levels.

You collected 583 gold pieces.

Inventory:

Hand Weapons
 p - a +1 dagger of venom
 L - the +7 dagger of Kaehuops {flame, +Blink}
   (You found it on level 6 of the Dungeon)

   +Blink:    It lets you blink.
Missiles
 q - 6 curare-tipped darts
 s - 16 poisoned darts
 x - 8 boomerangs
 F - 6 javelins
 P - a throwing net
 T - 2 datura-tipped darts
Armour
 a - a +0 animal skin
 e - a +0 ring mail (melded)
 i - a +0 pair of boots (worn)
 w - a +2 helmet (worn)
 C - an orb of guile
 G - a +0 plate armour
 N - the +2 robe "Detoapheics" {rElec rF+ Str-4 Dex+4}
   (You found it on level 6 of the Dungeon)

   Str-4:     It affects your strength (-4).
   Dex+4:     It affects your dexterity (+4).
   rF+:       It protects you from fire.
   rElec:     It insulates you from electricity.
 U - the +2 leather armour "Mitahoiz" {Stlth+}
   (You found it on level 8 of the Dungeon)

   Stlth+:    It makes you more stealthy.
 V - +0 acid dragon scales
 X - a +0 troll leather armour
Magical Staves
 r - a staff of earth
Jewellery
 o - an amulet of guardian spirit (around neck)
 O - a ring of protection from cold (left hand)
 Q - an amulet of magic regeneration
Talismans
 c - a beast talisman
 d - a flux talisman (active)
 S - a dragon-blood talisman
Wands
 j - a wand of flame (31)
 D - a wand of roots (7)
Scrolls
 f - 2 scrolls of revelation
 h - 2 scrolls of fear
 k - a scroll of blinking
 l - 2 scrolls of silence
 t - a scroll of immolation
 u - 3 scrolls of vulnerability
 v - 2 scrolls of noise
 y - 2 scrolls of enchant weapon
 I - a scroll of amnesia
 M - 5 scrolls of teleportation
 W - a scroll of summoning {unknown}
Potions
 b - 4 potions of lignification
 g - 3 potions of curing
 m - 3 potions of mutation
 n - 4 potions of heal wounds
 z - 3 potions of degeneration
 A - a potion of might
 B - a potion of magic
 E - a potion of resistance
 H - a potion of ambrosia {unknown}
 J - a potion of enlightenment {unknown}
 K - a potion of brilliance {unknown}
 R - a potion of attraction {unknown}


   Skills:
 + Level 6.3 Fighting
 + Level 5.7 Short Blades
 + Level 5.7 Long Blades
 + Level 5.7 Axes
 + Level 5.7 Maces & Flails
 + Level 5.7 Polearms
 + Level 5.7 Staves
 + Level 5.7 Ranged Weapons
 + Level 5.7 Throwing
 + Level 5.7 Armour
 + Level 7.4 Dodging
 + Level 5.7 Stealth
 + Level 5.7 Shields
 + Level 8.8 Unarmed Combat
 + Level 5.7 Spellcasting
 + Level 4.7 Conjurations
 + Level 4.7 Hexes
 + Level 4.7 Summonings
 + Level 4.7 Necromancy
 + Level 4.7 Translocations
 + Level 4.7 Fire Magic
 + Level 4.7 Ice Magic
 + Level 4.7 Air Magic
 + Level 4.7 Earth Magic
 + Level 4.7 Alchemy
 + Level 6.2 Invocations
 + Level 5.7 Evocations
 + Level 8.4 Shapeshifting


You had 20 spell levels left.
You didn't know any spells.
Your spell library contained the following spells:

 Spells                   Type           Power      Damage    Failure   Level
 Sculpt Simulacrum        Ice/Alch       6%         N/A       99%         6
 Ozocubu's Refrigeration  Ice            6%         4d8       100%        7
 Polar Vortex             Ice            6%         N/A       100%        9


Dungeon Overview and Level Annotations

Branches:
Dungeon (10/15)            Temple (1/1) D:4
   Lair: D:8-11         Orc: D:9-12

Altars:
Ashenzari
Cheibriados
Dithmenos
Elyvilon
Fedhas
Gozag
Hepliaklqana
Kikubaaqudgha
Makhleb
Nemelex Xobeh
Qazlal
Ru
Sif Muna
Trog
Uskayaw
Vehumet
Wu Jian
Xom
Yredelemnul
Zin
The Shining One

Shops:
D:5 =

Annotations:
D:9 Erolcha
D:10 2 runed translucent doors


Innate Abilities, Weirdness & Mutations

You are something dangerously unstable.
You glow with magical radiation, making you easy to see and hit.
Foes you strike become dangerously contaminated with magical radiation.
You are incapable of wielding weapons or throwing items.
You have very sharp teeth.
Your uncanny sense of smell can sniff out nearby items.
Your experience applies equally to all skills.


Message History

There is an open door here.
n - 4 potions of heal wounds (gained 1)
There is an open door here.
There is an open door here.
There is an open door here.
You open the door.
There is an open door here.
Erolcha the Cunning comes into view.
She is wielding a +0 giant club.
Erolcha shouts!
Erolcha screams, "DIE!"
Erolcha mumbles some strange words.
Erolcha flickers and vanishes!
Deactivating autopickup; reactivate with Ctrl-A.
There is an open door here.
You close the door.
Okay, then.
Unknown command.
Unknown command.
Unknown command.
Unknown command.
Unknown command.
Okay, then.
Unknown command.
Okay, then.
Unknown command.
Unknown command.
Something unseen opens the door.
You hear some strange, mumbled words.
There is an open door here.
You hear some strange, mumbled words.
There is an open door here.
Something hits you!!
You close the door.
Something hits you!!!
Ouch! That really hurt!
* * * LOW HITPOINT WARNING * * *
Something closely misses you.
You closely miss something. You bite something.
You hit something but do no damage.
Erolcha begins to glow.
Erolcha hits you with a +0 giant club!!!
You die...

.##......#...........'...##..###'
.##.....########....##...##...'..
..#.....##....########'####...#..
..#...........#..........##..##..
..#...........#..........##..##..
..#...........##....##...+.......
.####'####....##....####+##......
.##.....########....##...##......
.##.....## #pO...............
.........# ###+###...##..##..
.........# ...##....##...##..##..
.........#...........#...........
.........#...........#...........
.###....###...##..#..#.#......#..
.######## #.. #..###############
..# .. .... ..# . .....


You could see Erolcha (invisible, contam).

Vanquished Creatures
  A two-headed ogre (D:6)
  Pikel (D:5)
  Joseph (D:9)
  A troll (D:9)
  Sigmund (D:3)
  A shadow (D:10)
  A wyvern (D:9)
  2 vampire mosquitoes (D:8)
  An acid dragon (D:10)
  Duvessa (D:4)
  3 water moccasins
  2 orc warriors (D:8)
  A sky beast (D:6)
  A black bear (D:5)
  2 centaurs
  2 ogres
  A lemure (D:5)
  A kobold brigand (D:10)
  5 bullfrogs
  A scorpion (D:5)
  5 wights
  Dowan (D:4)
  A howler monkey (D:8)
  A bombardier beetle (D:4)
  5 orc priests
  4 hounds
  2 jellies
  3 gnoll boudas
  7 iguanas
  5 orc wizards
  Robin (D:3)
  13 gnolls
  5 adders
  4 white imps
  2 ufetubi (D:6)
  3 dart slugs
  A ribbon worm (D:2)
  27 orcs
  10 ball pythons
  11 endoplasms
  3 giant cockroaches
  7 hobgoblins
  8 jackals
  18 kobolds
  4 quokkas
  3 bats
  7 frilled lizards
  15 goblins
  7 rats
213 creatures vanquished.

Vanquished Creatures (others)
  A goblin (D:3)
  A quokka (D:4)
2 creatures vanquished.

Grand Total: 215 creatures vanquished

Notes
Turn   | Place    | Note
-------+----------+-------------------------------------------
     0 | D:1      | jlumianski the Gnoll Shapeshifter began the quest for the
                  | Orb.
     0 | D:1      | Reached XP level 1. HP: 17/17 MP: 1/1
   127 | D:1      | Reached XP level 2. HP: 23/23 MP: 2/2
   270 | D:1      | Reached XP level 3. HP: 24/28 MP: 3/3
   420 | D:2      | Reached skill level 1 in Invocations
   652 | D:1      | Reached skill level 1 in Short Blades
   652 | D:1      | Reached skill level 1 in Long Blades
   652 | D:1      | Reached skill level 1 in Axes
   652 | D:1      | Reached skill level 1 in Maces & Flails
   652 | D:1      | Reached skill level 1 in Polearms
   652 | D:1      | Reached skill level 1 in Staves
   652 | D:1      | Reached skill level 1 in Ranged Weapons
   652 | D:1      | Reached skill level 1 in Throwing
   652 | D:1      | Reached skill level 1 in Armour
   652 | D:1      | Reached skill level 1 in Stealth
   652 | D:1      | Reached skill level 1 in Shields
   652 | D:1      | Reached skill level 1 in Spellcasting
   652 | D:1      | Reached skill level 1 in Evocations
   905 | D:2      | Reached XP level 4. HP: 34/34 MP: 5/5
  1049 | D:3      | Found a sacrificial altar of Ru.
  1050 | D:3      | Noticed Sigmund
  1100 | D:2      | Found a sparkling altar of Nemelex Xobeh.
  1476 | D:3      | Found a white marble altar of Elyvilon.
  1613 | D:4      | Noticed an ogre
  1616 | D:4      | Noticed Duvessa
  1616 | D:4      | Noticed Dowan
  1686 | D:3      | Killed Sigmund
  1687 | D:3      | Reached skill level 1 in Conjurations
  1687 | D:3      | Reached skill level 1 in Hexes
  1687 | D:3      | Reached skill level 1 in Summonings
  1687 | D:3      | Reached skill level 1 in Necromancy
  1687 | D:3      | Reached skill level 1 in Translocations
  1687 | D:3      | Reached skill level 1 in Fire Magic
  1687 | D:3      | Reached skill level 1 in Ice Magic
  1687 | D:3      | Reached skill level 1 in Air Magic
  1687 | D:3      | Reached skill level 1 in Earth Magic
  1687 | D:3      | Reached skill level 1 in Alchemy
  1687 | D:3      | Reached XP level 5. HP: 27/41 MP: 3/7
  1687 | D:3      | Reached XP level 6. HP: 31/47 MP: 3/8
  1763 | D:3      | Noticed Robin
  1962 | D:3      | Killed Robin
  1963 | D:3      | Reached skill level 5 in Dodging
  2167 | D:3      | Found a burning altar of Makhleb.
  2167 | D:3      | Found a basalt altar of Yredelemnul.
  2601 | D:5      | Entered Level 5 of the Dungeon
  2839 | D:6      | Noticed Pikel
  2876 | D:5      | Killed Pikel
  2877 | D:5      | Reached XP level 7. HP: 21/53 MP: 4/11
  3118 | D:5      | Reached XP level 8. HP: 50/60 MP: 10/12
  3312 | D:5      | Noticed a +0 falchion
  3313 | D:5      | Noticed a +0 dagger
  3314 | D:5      | Noticed a +0 short sword
  3314 | D:5      | Noticed a +0 spear
  3314 | D:5      | Noticed a +0 spear
  3314 | D:5      | Noticed a +0 falchion
  3315 | D:5      | Noticed a +0 dagger
  3315 | D:5      | Noticed a +0 short sword
  3317 | D:5      | Found a hide-covered altar of Uskayaw.
  3486 | D:5      | Found Tuimpag's Jewellery Emporium.
  3953 | D:4      | Found a staircase to the Ecumenical Temple.
  3963 | Temple   | Entered the Ecumenical Temple
  4384 | D:4      | Found a bloodstained altar of Trog.
  4404 | D:4      | Killed Duvessa
  4409 | D:4      | Killed Dowan
  4783 | D:4      | Found a shimmering altar of Xom.
  5320 | D:7      | Reached XP level 9. HP: 58/67 MP: 11/15
  5330 | D:7      | Found a radiant altar of Vehumet.
  5585 | D:6      | Identified the +7 dagger of Kaehuops {flame, +Blink}
  5612 | D:6      | Found an ancient bone altar of Kikubaaqudgha.
  5612 | D:6      | Found a blossoming altar of Fedhas.
  5716 | D:6      | Reached skill level 5 in Fighting
  5814 | D:6      | Noticed a two-headed ogre
  5832 | D:6      | Killed a two-headed ogre
  5833 | D:6      | Reached skill level 5 in Invocations
  6226 | D:6      | Identified the +2 robe "Detoapheics" {rElec rF+ Str-4
                  | Dex+4}
  6416 | D:7      | Noticed a hornet
  6645 | D:7      | Found a snail-covered altar of Cheibriados.
  7175 | D:8      | Found a broken altar of Ashenzari.
  7209 | D:8      | Reached skill level 5 in Short Blades
  7209 | D:8      | Reached skill level 5 in Long Blades
  7209 | D:8      | Reached skill level 5 in Axes
  7209 | D:8      | Reached skill level 5 in Maces & Flails
  7209 | D:8      | Reached skill level 5 in Polearms
  7209 | D:8      | Reached skill level 5 in Staves
  7209 | D:8      | Reached skill level 5 in Ranged Weapons
  7209 | D:8      | Reached skill level 5 in Throwing
  7209 | D:8      | Reached skill level 5 in Armour
  7209 | D:8      | Reached skill level 5 in Stealth
  7209 | D:8      | Reached skill level 5 in Shields
  7209 | D:8      | Reached skill level 5 in Spellcasting
  7209 | D:8      | Reached skill level 5 in Evocations
  7209 | D:8      | Reached XP level 10. HP: 32/76 MP: 9/17
  7495 | D:9      | Noticed Joseph
  7631 | D:9      | Killed Joseph
  7749 | D:8      | Identified the +2 leather armour "Mitahoiz" {Stlth+}
  7947 | D:8      | Found a shadowy altar of Dithmenos.
  8240 | D:8      | Found an ornate altar of the Wu Jian Council.
  8255 | D:8      | Became a worshipper of the Wu Jian Council
  8386 | D:10     | Entered Level 10 of the Dungeon
  9598 | D:10     | Found a runed translucent door.
  9600 | D:10     | Found a runed translucent door.
 10050 | D:9      | Noticed Erolcha
 10070 | D:9      | Mangled by Erolcha

Illustrated notes

Levels and vault maps discovered:
D:1:      mrwooster_arrival_arrow, layout_basic, lexackson_kobold_supper
D:2:      layout_basic, basic_altar, grunt_ministairs_8,
          kennysheep_generic_room_4
D:3:      layout_basic, elyvilon_altar_3, jmf_multi_god_temple,
          lemuel_crystal_altar, uniq_robin, uniq_sigmund
D:4:      layout_loops_ring, lemuel_tele_altar,
          regret_index_xom_buried_treasure,
          minmay_temple_entry_statues_fountains, minmay_quadrilaterals,
          uniq_duvessa
D:5:      layout_basic, nicolae_uskayaw_en_pointe, serial_curves,
          eino_curves_01, eino_curves_04, minmay_shop_enchanted_jewellery
D:6:      layout_basic, grunt_temple_overflow_growth_and_decay, uniq_pikel
D:7:      layout_loops_corners, nicolae_overflow_hidden_temple,
          nicolae_vehumet_radiance, serial_shops, shop
D:8:      layout_loops_ring, mainiacjoe_overflow_six_doors_small,
          nicolae_wu_jian_immortal_techniques, nicolae_dithmenos_shadow_blocks,
          serial_glass, glass_columns_b, glass_columns_a, glass_columns_c,
          glass_columns_b, glass_columns_a, glass_columns_b, glass_columns_b,
          glass_columns_b, item_on_display_a, mrwooster_statue_mirror
D:9:      layout_gridville, uniq_erolcha, uniq_joseph
D:10:     lemuel_insect_pit, layout_loops_ring, marbit_many_paths,
          grunt_lair_entry_orc_guard_hut, erik_orc_1, uniq_fannar
Temple:   nicolae_temple_superstar

Skill      XL: |  1  2  3  4  5  6  7  8  9 10 |
---------------+-------------------------------+-----
Invocations    | 1 2 3 4 5 6 |  6.2
Short Blades   | 1 2 3 4 5 |  5.7
Long Blades    | 1 2 3 4 5 |  5.7
Axes           | 1 2 3 4 5 |  5.7
Maces & Flails | 1 2 3 4 5 |  5.7
Polearms       | 1 2 3 4 5 |  5.7
Staves         | 1 2 3 4 5 |  5.7
Ranged Weapons | 1 2 3 4 5 |  5.7
Throwing       | 1 2 3 4 5 |  5.7
Armour         | 1 2 3 4 5 |  5.7
Stealth        | 1 2 3 4 5 |  5.7
Shields        | 1 2 3 4 5 |  5.7
Spellcasting   | 1 2 3 4 5 |  5.7
Evocations     | 1 2 3 4 5 |  5.7
Fighting       | 3 4 5 6 |  6.3
Conjurations   | 1 2 3 4 |  4.7
Hexes          | 1 2 3 4 |  4.7
Summonings     | 1 2 3 4 |  4.7
Necromancy     | 1 2 3 4 |  4.7
Translocations | 1 2 3 4 |  4.7
Fire Magic     | 1 2 3 4 |  4.7
Ice Magic      | 1 2 3 4 |  4.7
Air Magic      | 1 2 3 4 |  4.7
Earth Magic    | 1 2 3 4 |  4.7
Alchemy        | 1 2 3 4 |  4.7
Dodging        | 5 6 7 |  7.4
Unarmed Combat | 7 8 |  8.8
Shapeshifting  | 7 8 |  8.4

Action                     |  1- 3 |  4- 6 |  7- 9 | 10-12 || total
---------------------------+-------+-------+-------+-------++-------
  Melee: Unarmed           |   104 |   112 |   332 |   160 ||   708
         Bite              |    10 |    10 |    43 |    24 ||    87
         Punch             |     4 |       |       |       ||     4
Ability: Lunge             |       |       |       |     5 ||     5
  Evoke: Wand              |       |       |     3 |     1 ||     4
    Use: Scroll            |     1 |    11 |     2 |     3 ||    17
         Potion            |       |     1 |       |     1 ||     2
   Stab: Sleeping          |       |       |     2 |       ||     2
 Armour: Ring mail         |    64 |    48 |       |       ||   112
         Skin              |       |    15 |   139 |    68 ||   222
  Dodge: Dodged            |    58 |    72 |   261 |   154 ||   545
   Form: Flux              |       |     1 |       |       ||     1

Table legend: (Time is in decaauts)
 A = Elapsed time spent in this place.
 B = Non-inter-level travel time spent in this place.
 C = Inter-level travel time spent in this place.
 D = Time resting spent in this place.
 E = Time spent auto-exploring this place.
 F = Levels seen in this place.
 G = Mean time per level.
                   A        B        C        D        E       F      G
               +--------+--------+--------+--------+--------+-----+--------+
         Total |   9998 |   9737 |    261 |   1852 |   3775 |  11 |  908.9 |
       Dungeon |   9904 |   9643 |    261 |   1852 |   3775 |  10 |  990.4 |
        Temple |     94 |     94 |      0 |      0 |      0 |   1 |   94.0 |
               +--------+--------+--------+--------+--------+-----+--------+

Top non-repeatable levels by time:
     D:8: 1630 daAuts
     D:4: 1468 daAuts
     D:5: 1283 daAuts
     D:3: 1078 daAuts
     D:9: 1058 daAuts
     D:6: 1004 daAuts
     D:7: 782 daAuts
     D:1: 693 daAuts
     D:2: 633 daAuts
    D:10: 271 daAuts
  Temple: 94 daAuts
